 Dungeon Crawl Stone Soup version 0.30.0-19-g36f170ea60 (webtiles) character file.

Game seed: 820904042797246026

60454 RascalDebosk the Warrior (level 15, -3/127 HPs)
             Began as a Djinni Conjurer on May 28, 2023.
             Was a Priest of Ashenzari.
             Slain by a harpy simulacrum (18 damage)
             ... in an ice cave on May 29, 2023.
             The game lasted 02:23:04 (17211 turns).

RascalDebosk the Warrior (Djinni Conjurer)         Turns: 17211, Time: 02:23:05

Health: -3/127     AC: 10    Str:  6    XL:     15   Next: 38%
Gold:   1210       EV: 12    Int: 39    God:    Ashenzari [***...] SH: 11 Dex: 17

rFire   + + .        M - +3 rapier (venom)
rCold   x . .        w - +1 kite shield {reflect}
rNeg    . . .        K - +0 troll leather armour
rPois   ∞            J - +0 helmet
rElec   .            A - +2 cloak "Astral Sorrow" {Evo, Self} (curse)
rCorr   .            h - +0 pair of gloves "Sorrow of Ashenzari" {Melee, Self} (curse)
SInv    +            (boots unavailable)
Will    +....        z - amulet "Jode" {Spirit Dex+5 Stlth+}
Stlth   ++++         I - ring of the Eye in the Sky {Int+6, Self, Fort} (curse)
HPRegen 1.21/turn    E - ring "I Knew You'd Do That" {Int+6, Evo, Self} (curse)
MPRegen 0.00/turn

%: reflection, clarity, guardian spirit, infuse magic (-4 HP)
@: flying
A: sickness immunity, fire resistance 2, cold vulnerability 1, float, innate
caster, HP casting, extra vitality 1
a: Renounce Religion, Shatter the Chains


You were in an ice cave.
You worshipped Ashenzari.
Ashenzari was most pleased with you.
You visited 4 branches of the dungeon, and saw 19 of its levels.
You also visited: Ice Cave.

You collected 2128 gold pieces.
You spent 918 gold pieces at shops.

Inventory:

Hand Weapons
 M - a +3 rapier of venom (weapon)
Missiles
 u - a throwing net {@!f}
Armour
 h - the cursed +0 pair of gloves "Sorrow of Ashenzari" (worn) {Melee, Self}
   (You found it on level 2 of the Dungeon)

   It has a curse which improves the following skills: Melee Combat: Short
   Blades, Long Blades, Axes, Maces & Flails, Polearms, Staves and Unarmed
   Combat.
   Introspection: Fighting and Spellcasting.
 w - a +1 kite shield of reflection (worn)
 A - the cursed +2 cloak "Astral Sorrow" (worn) {Evo, Self}
   (You took it off Crazy Yiuf on level 5 of the Dungeon)

   It has a curse which improves the following skills: Evocations: Evocations.
   Introspection: Fighting and Spellcasting.
 J - a +0 helmet (worn)
 K - a +0 troll leather armour (worn)
Jewellery
 z - the amulet "Jode" (around neck) {Spirit Dex+5 Stlth+}
   (You found it on level 5 of the Dungeon)

   [amulet of guardian spirit]

   It causes incoming damage to be divided between your reserves of health and
   magic.
   Dex:       It affects your dexterity (+5).
   Stlth:     It makes you more stealthy.
 E - the cursed ring "I Knew You'd Do That" (right hand) {Int+6, Evo, Self}
   (You found it on level 6 of the Dungeon)

   [ring of intelligence]

   Int:       It affects your intelligence (+6).
   It has a curse which improves the following skills: Evocations: Evocations.
   Introspection: Fighting and Spellcasting.
 I - the cursed ring of the Eye in the Sky (left hand) {Int+6, Self, Fort}
   (You found it on level 9 of the Dungeon)

   [ring of intelligence]

   Int:       It affects your intelligence (+6).
   It has a curse which improves the following skills: Introspection: Fighting
   and Spellcasting.
   Fortitude: Armour and Shields.
Wands
 q - a wand of paralysis (15)
 s - a wand of roots (8)
 y - a wand of flame (13)
 F - a wand of mindburst (14)
Scrolls
 a - a scroll of poison
 d - 2 scrolls of vulnerability
 f - 4 scrolls of fog
 g - a scroll of blinking
 o - a scroll of fear
 r - a scroll of torment
 t - 9 scrolls of teleportation
 v - 5 scrolls of immolation
 G - 3 scrolls of magic mapping
 L - a scroll of silence
Potions
 b - 4 potions of mutation
 c - a potion of cancellation
 e - a potion of resistance
 i - 3 potions of brilliance
 j - 2 potions of invisibility
 k - 2 potions of might
 l - 4 potions of lignification
 m - 2 potions of ambrosia
 n - 11 potions of curing
 p - 3 potions of attraction
 C - a potion of berserk rage
 D - 2 potions of heal wounds
 H - 4 potions of haste


   Skills:
 - Level 15.2(18.7) Fighting
 + Level 5.1(6.5) Short Blades
 - Level 4.0(5.3) Armour
 + Level 7.1 Dodging
 - Level 4.5 Stealth
 - Level 3.0(4.3) Shields
 * Level 14.2(17.7) Spellcasting
 - Level 3.3(5.3) Evocations


You knew the following spells:

 Your Spells              Type           Power      Damage    Failure   Level
a - Magic Dart            Conj           100%       1d8       0%          1
b - Searing Ray           Conj           100%       2d8       0%          2
c - Dazzling Flash        Conj/Hex       100%       N/A       1%          3
d - Fulminant Prism       Conj/Hex       53%        3d22      1%          4
e - Iskenderun's Mystic   Conj/Tloc      100%       2d19      1%          4
f - Freeze                Ice            100%       1d10      0%          1
g - Scorch                Fire           100%       2d9       0%          2
h - Spider Form           Tmut/Pois      100%       N/A       1%          3
i - Mephitic Cloud        Conj/Pois/Air  100%       N/A       1%          3
j - Summon Lightning Spi  Summ/Air       100%       N/A       1%          4
k - Borgnjor's Vile Clut  Necr/Erth      53%        N/A       1%          5
l - Summon Cactus Giant   Summ           53%        N/A       1%          6
Your spell library was empty.

Dungeon Overview and Level Annotations

Branches:
Dungeon (15/15)            Temple (1/1) D:6            Lair (1/5) D:9
    Orc (2/2) D:12            Elf (0/3) Orc:2        Vaults (0/5) D:13
 Depths (0/4) D:15          IceCv (1/1)

Altars:
Ashenzari
Cheibriados
Dithmenos
Elyvilon
Fedhas
Gozag
Hepliaklqana
Makhleb
Nemelex Xobeh
Okawaru
Qazlal
Ru
Trog
Uskayaw
Wu Jian
Xom
Yredelemnul
Zin
The Shining One

Shops:
D:11 [   D:12 (   Orc:1 [   Orc:2 !=([

Annotations:
D:7 1 runed translucent door, belegose's ghost, novice GrEE
D:8 1 runed translucent door, stipulation's ghost, novice MiFi IceCv exclusion: 2 ice statues


Innate Abilities, Weirdness & Mutations

You are immune to sickness and miasma.
You are immune to poison.
Your flesh is very heat resistant. (rF++)
You are vulnerable to cold. (rC-)
You float through the air rather than walking.
You learn spells naturally, not from books.
Your magical power is your life essence.
You have superior vitality. (+4 MHP)


Message History

Unknown command.
Casting: Summon Cactus Giant (mildly dangerous; 1% risk of failure)
Confirm with . or Enter, or press ? or * to list all spells.
Aiming: Borgnjor's Vile Clutch (mildly dangerous; 1% risk of failure)
Press: ? - help, Shift-Dir - straight line, f - polar bear simulacrum
Aim: a polar bear simulacrum (dormant, ally target, 100% to hit)
Zombie hands grab the polar bear simulacrum.
The zombie hands constrict the polar bear simulacrum!
The zombie hands lose their grip on something. 2 ice statues come into view.
Marking area around 2 ice statues as unsafe for travelling.
Casting: Borgnjor's Vile Clutch (mildly dangerous; 1% risk of failure)
Confirm with . or Enter, or press ? or * to list all spells.
Aiming: Borgnjor's Vile Clutch (mildly dangerous; 1% risk of failure)
Press: ? - help, Shift-Dir - straight line, f - ice statue
Aim: an ice statue (100% to hit)
Zombie hands grab the ice statue.
The zombie hands constrict the ice statue!
The ice statue gestures.
The ice statue glitters chillingly in the dim dungeon light.
The ice statue gestures.
Casting: Borgnjor's Vile Clutch (mildly dangerous; 1% risk of failure)
Confirm with . or Enter, or press ? or * to list all spells.
Aiming: Fulminant Prism (safe; 1% risk of failure)
Press: ? - help, Dir - move target, p - ice statue You conjure a prism of explosive energy!
A fulminant prism comes into view.
The zombie hands constrict the ice statue!
The ice beast is struck by your cactus giant's spines.
The ice beast hits your cactus giant.
The ice beast freezes your cactus giant!
The ice statue glitters chillingly in the dim dungeon light.
The ice statue gestures at you.
The freezing blast engulfs the ice beast.
The ice beast completely resists.
Your cactus giant hits the ice beast with a +0 giant spiked club!!
The ice beast dies!
The ice beast disappears in a puff of smoke!
Casting: Fulminant Prism (safe; 1% risk of failure)
Confirm with . or Enter, or press ? or * to list all spells.
Aiming: Fulminant Prism (safe; 1% risk of failure)
Press: ? - help, Dir - move target You conjure a prism of explosive energy!
A fulminant prism comes into view.
You are engulfed in freezing vapours.
The zombie hands constrict the ice statue.
Your fulminant prism crackles loudly.
You block the ice beast's attack. The ice statue gestures at you.
The bolt of cold hits the ice beast.
The ice beast completely resists.
The bolt of cold hits you!!!
You feel a terrible chill!
* * * LOW HITPOINT WARNING * * *
The zombie hands lose their grip on something.
Your fulminant prism explodes!
Your fulminant prism crackles loudly.
Casting: Fulminant Prism (safe; 1% risk of failure)
Confirm with . or Enter, or press ? or * to list all spells.
Aiming: Borgnjor's Vile Clutch (mildly dangerous; 1% risk of failure)
Press: ? - help, Shift-Dir - straight line, f - ice beast
Aim: an ice beast (freezing vapour, summoned, 100% to hit)
Zombie hands grab the ice beast.
* * * LOW HITPOINT WARNING * * *
The zombie hands constrict the ice beast!
You block the ice beast's attack.
Your fulminant prism explodes!
Your cactus giant hits the ice beast with a +0 giant spiked club!!
The ice beast dies!
The ice beast disappears in a puff of smoke!
You start resting.
A three-headed hydra simulacrum comes into view.
Casting: Borgnjor's Vile Clutch (mildly dangerous; 1% risk of failure)
Confirm with . or Enter, or press ? or * to list all spells.
Aiming: Borgnjor's Vile Clutch (mildly dangerous; 1% risk of failure)
Press: ? - help, Shift-Dir - straight line, f - three-headed hydra simulacrum
Aim: a three-headed hydra simulacrum (100% to hit)
Zombie hands grab the three-headed hydra simulacrum.
* * * LOW HITPOINT WARNING * * *
The zombie hands constrict the three-headed hydra simulacrum!
A three-headed hydra simulacrum is nearby!
You hit the three-headed hydra simulacrum.
The three-headed hydra simulacrum is moderately damaged.
The zombie hands constrict the three-headed hydra simulacrum!
A harpy simulacrum comes into view.
The three-headed hydra simulacrum barely misses you.
You block the three-headed hydra simulacrum's attack.
The three-headed hydra simulacrum closely misses you.
Your cactus giant hits the three-headed hydra simulacrum with a +0 giant spiked club!
You hit the three-headed hydra simulacrum.
The three-headed hydra simulacrum is almost destroyed.
The zombie hands constrict the three-headed hydra simulacrum!!
The three-headed hydra simulacrum vaporises!
You hit the polar bear simulacrum.
The polar bear simulacrum is almost destroyed.
The polar bear simulacrum bites you but does no damage.
The polar bear simulacrum claws you but does no damage. x2
You block the harpy simulacrum's attack.
The harpy simulacrum claws you.
* * * LOW HITPOINT WARNING * * *
The harpy simulacrum freezes you!!
You feel a terrible chill!
You die...

* * *, * ...#* *** * *
... .. ##..## #Z *
##....#* .. * ##.....#*
≈## #......8* ≈≈# ####
#.....Z###≈≈#######..##
#......@#..≈##..##....##
#......CZ.###..........#
#...........#.......∩.∩.#
#........##....##.......#
#.......####..#####....##
##......8 #### ##..##
##.#.### #### ####


You could see a polar bear simulacrum, a harpy simulacrum (ally target) and a
friendly cactus giant (summoned).

Vanquished Creatures
  An orc warlord (Orc:1)
  Josephine (D:13)
  A hydra (D:9)
  4 vault guards (D:13)
  A rakshasa (D:15)
  2 centaur warriors
  3 two-headed ogres
  3 tengu warriors (D:15)
  4 skeletal warriors (D:13)
  A fire crab (D:9)
  A glowing orange brain (D:15)
  Pikel (D:5)
  2 wolf spider zombies (D:13)
  7 orc sorcerers (Orc:2)
  9 cyclopes
  5 manticores
  4 ugly things
  10 centaur zombies (D:13)
  An elephant (shapeshifter) (D:15)
  A guardian serpent (shapeshifter) (D:14)
  A black mamba (Lair:1)
  A gargoyle (D:13)
  3 unseen horrors
  Psyche (D:10)
  A freezing wraith (D:15)
  An efreet (D:14)
  An ice devil (IceCv)
  4 tengu conjurers
  11 trolls
  2 dream sheep (D:9)
  A hornet (D:9)
  10 slime creatures
  A meliai zombie (D:13)
  A shadow (D:13)
  7 wraiths
  2 vampires
  Eustachio (D:4)
  A basilisk (D:14)
  3 wyverns
  8 humans (D:13)
  A steam dragon (D:8)
  7 vampire mosquitoes
  An acid dragon (D:10)
  A hydra simulacrum (IceCv)
  2 wargs
  4 water moccasins
  9 orc warriors
  A hornet zombie (D:6)
  A black bear (D:6)
  2 ice beasts
  4 ogres
  7 centaurs
  A phantom (D:4)
  3 kobold brigands (D:9)
  4 lemures (D:5)
  Blork the orc (D:4)
  4 bullfrogs
  3 gnoll sergeants
  2 cane toad simulacra
  3 necrophages (D:6)
  5 scorpions
  A two-headed ogre simulacrum (IceCv)
  5 wights
  3 killer bees (D:8)
  An elephant simulacrum (Lair:1)
  7 howler monkeys
  A vampire bat (D:3)
  An electric eel (D:11)
  A lava snake (D:9)
  A bullfrog zombie (D:6)
  2 hounds
  3 jellies
  A human zombie (D:6)
  Crazy Yiuf (D:5)
  4 gnoll boudas
  11 orc priests
  An iguana (D:6)
  26 orc wizards
  A spriggan simulacrum (IceCv)
  A troll simulacrum (IceCv)
  A killer bee zombie (D:6)
  A wolf simulacrum (Lair:1)
  A mummy (D:6)
  2 howler monkey zombies (D:6)
  Robin (D:2)
  29 gnolls
  8 adders
  A shadow imp (D:7)
  4 white imps
  An ufetubus (IceCv)
  2 worms (D:2)
  50 orcs
  4 ball pythons
  11 bats
  8 endoplasms
  A giant cockroach (D:3)
  12 goblins
  13 hobgoblins
  11 jackals
  8 kobolds
  2 quokkas
  A frilled lizard (D:1)
  3 rats
436 creatures vanquished.

Vanquished Creatures (collateral kills)
  A very ugly thing (D:15)
  2 rakshasas (D:15)
  An ogre mage (Orc:2)
  A hydra (D:14)
  A centaur warrior (D:15)
  A boulder beetle (D:15)
  A tengu warrior (D:13)
  A skeletal warrior (D:13)
  An orb spider (shapeshifter) (D:13)
  A deep elf pyromancer (D:12)
  5 orc sorcerers
  A manticore (D:12)
  A cyclops (D:11)
  2 centaur zombies (D:13)
  A tengu conjurer (D:13)
  5 slime creatures
  A shadow (D:13)
  2 wraiths
  6 vampire mosquitoes
  2 acid dragons (D:12)
  5 orc warriors
  3 ogres
  A gnoll sergeant (D:12)
  An orc priest (D:12)
  10 orc wizards
  4 gnolls (D:12)
  10 orcs
71 creatures vanquished.

Vanquished Creatures (others)
  70 fulminant prisms
70 creatures vanquished.

Grand Total: 577 creatures vanquished

Notes
Turn   | Place    | Note
-------+----------+-------------------------------------------
     0 | D:1      | RascalDebosk the Djinni Conjurer began the quest for the
                  | Orb.
     0 | D:1      | RascalDebosk set off with the following spells memorised:
                  | Magic Dart, Searing Ray, Dazzling Flash, Fulminant Prism,
                  | Iskenderun's Mystic Blast.
     0 | D:1      | Reached XP level 1. HP: 15/15 MP: 0/0
   142 | D:1      | Reached XP level 2. HP: 14/21 MP: 0/0
   767 | D:2      | Reached XP level 3. HP: 15/25 MP: 0/0
   767 | D:2      | Learned a level 1 spell: Freeze
   809 | D:2      | Found a faded altar of an unknown god.
  1083 | D:2      | Reached XP level 4. HP: 31/31 MP: 0/0
  1105 | D:2      | Noticed Robin
  1194 | D:2      | Killed Robin
  1588 | D:3      | Reached XP level 5. HP: 32/35 MP: 0/0
  1588 | D:3      | Learned a level 2 spell: Scorch
  1773 | D:3      | Found a blossoming altar of Fedhas.
  2071 | D:3      | Reached skill level 5 in Spellcasting
  2352 | D:3      | Reached XP level 6. HP: 32/40 MP: 0/0
  2551 | D:4      | Noticed Blork the orc
  2563 | D:4      | Killed Blork the orc
  2750 | D:4      | Reached XP level 7. HP: 32/45 MP: 0/0
  2750 | D:4      | Learned a level 3 spell: Spider Form
  2870 | D:4      | Identified the ring "Fenuun" {rPois rC+ MP+9}
  2966 | D:4      | Noticed Eustachio
  2984 | D:4      | Killed Eustachio
  3033 | D:4      | Reached skill level 1 in Fighting
  3033 | D:4      | Reached XP level 8. HP: 1/52 MP: 0/0
  3042 | D:4      | Reached skill level 1 in Armour
  3458 | D:4      | Found a glowing golden altar of the Shining One.
  3579 | D:5      | Entered Level 5 of the Dungeon
  3579 | D:5      | Noticed Pikel
  3590 | D:5      | Killed Pikel
  3591 | D:5      | Reached skill level 3 in Fighting
  4133 | D:5      | Reached skill level 4 in Fighting
  4133 | D:5      | Reached XP level 9. HP: 60/62 MP: 0/0
  4133 | D:5      | Learned a level 3 spell: Mephitic Cloud
  4200 | D:5      | Found a burning altar of Makhleb.
  4392 | D:5      | Identified the amulet "Jode" {Spirit Dex+5 Stlth+}
  4568 | D:5      | Found a runed translucent door.
  4569 | D:5      | Noticed Crazy Yiuf
  4654 | D:5      | Killed Crazy Yiuf
  4821 | D:6      | Reached skill level 5 in Fighting
  5687 | D:6      | Found a staircase to the Ecumenical Temple.
  5712 | Temple   | Entered the Ecumenical Temple
  5916 | D:6      | Reached skill level 6 in Fighting
  6032 | D:6      | Reached XP level 10. HP: 39/73 MP: 0/0
  6497 | D:7      | Found a runed translucent door.
  6653 | D:7      | Reached skill level 7 in Fighting
  7614 | D:7      | Noticed belegose's ghost (novice GrEE)
  7935 | D:8      | Reached skill level 8 in Fighting
  8116 | D:8      | Found a runed translucent door.
  8211 | D:8      | Noticed stipulation's ghost (novice MiFi)
  8212 | D:8      | Identified the +5 trident of Duty {heavy, rElec rF+ rN+
                  | Dex+5}
  8323 | D:8      | Found a bloodstained altar of Trog.
  8476 | D:9      | Noticed a fire crab
  8481 | D:9      | Found a staircase to the Lair.
  8690 | D:9      | Killed a fire crab
  8691 | D:9      | Reached skill level 1 in Short Blades
  8869 | D:9      | Found an ornate altar of the Wu Jian Council.
  9188 | D:9      | Reached XP level 11. HP: 78/82 MP: 0/0
  9188 | D:9      | Learned a level 4 spell: Summon Lightning Spire
  9223 | D:9      | Found a snail-covered altar of Cheibriados.
  9224 | D:9      | Found a broken altar of Ashenzari.
  9228 | D:9      | Became a worshipper of Ashenzari the Shackled
  9506 | D:9      | Noticed a three-headed hydra
  9510 | D:9      | Killed a three-headed hydra
  9511 | D:9      | Reached skill level 9 in Fighting
  9603 | D:10     | Entered Level 10 of the Dungeon
  9642 | D:10     | Reached skill level 10 in Spellcasting
  9653 | D:10     | Noticed Psyche
  9656 | D:10     | Killed Psyche
 10383 | D:11     | Noticed a two-headed ogre
 10390 | D:11     | Killed a two-headed ogre
 10427 | D:11     | Identified the +0 robe of Pantheism {+Blink rF+++ MP-9
                  | Archmagi}
 10706 | D:11     | Noticed a cyclops
 10711 | D:11     | Killed a cyclops
 10724 | D:11     | Reached skill level 10 in Fighting
 10729 | D:11     | Reached skill level 5 in Dodging
 10729 | D:11     | Reached XP level 12. HP: 5/92 MP: 0/0
 10856 | D:11     | Found Zeeneg's Armour Emporium.
 11487 | D:12     | Reached skill level 1 in Evocations
 11584 | D:12     | Found Siroan's Armour Emporium.
 11587 | D:12     | Found a staircase to the Orcish Mines.
 11589 | D:12     | Found Fiyllu's Weapon Emporium.
 11630 | D:12     | Reached skill level 11 in Fighting
 11659 | D:12     | Reached * piety under Ashenzari
 11851 | D:12     | Noticed a two-headed ogre
 11909 | Orc:1    | Entered Level 1 of the Orcish Mines
 11943 | Orc:1    | Noticed an orc warlord
 11956 | Orc:1    | Killed an orc warlord
 12074 | Orc:1    | Found Badias's Armour Shop.
 12411 | Orc:2    | Entered Level 2 of the Orcish Mines
 12421 | Orc:2    | Reached XP level 13. HP: 81/102 MP: 0/0
 12421 | Orc:2    | Learned a level 5 spell: Borgnjor's Vile Clutch
 12720 | Orc:2    | Identified the Compendium of the Shivering Zephyr
 12730 | Orc:2    | Reached skill level 12 in Fighting
 12748 | Orc:2    | Found a staircase to the Elven Halls.
 12997 | Orc:2    | Found Bicogi's Antique Weapon Shoppe.
 13011 | Orc:2    | Noticed an ogre mage
 13024 | Orc:2    | Killed an ogre mage
 13029 | Orc:2    | Found Ommargha's Antique Armour Shoppe.
 13049 | Orc:2    | Found Gyruteyj's Jewellery Emporium.
 13110 | Orc:2    | Bought an obsidian-studded leather armour for 168 gold
                  | pieces
 13110 | Orc:2    | Identified the +0 leather armour of Contentment {rF- Will+
                  | Dex+3 Slay+3} (You bought it in a shop on level 2 of the
                  | Orcish Mines)
 13142 | Orc:2    | Bought a jewelled mace for 200 gold pieces
 13142 | Orc:2    | Identified the +4 mace "Eskauge" {venom, rPois Str+2} (You
                  | bought it in a shop on level 2 of the Orcish Mines)
 13176 | Orc:2    | Found Fostaps's Distillery.
 13185 | Orc:2    | Bought a potion of cancellation for 88 gold pieces
 13185 | Orc:2    | Bought a potion of heal wounds for 55 gold pieces
 13185 | Orc:2    | Bought a potion of curing for 33 gold pieces
 13185 | Orc:2    | Bought a potion of brilliance for 44 gold pieces
 13185 | Orc:2    | Bought 2 potions of invisibility for 176 gold pieces
 13185 | Orc:2    | Bought a potion of curing for 33 gold pieces
 13185 | Orc:2    | Bought a potion of invisibility for 88 gold pieces
 13185 | Orc:2    | Bought a potion of curing for 33 gold pieces
 13323 | Orc:2    | Identified Sif Muna's Anthology of the Jaunt
 13672 | D:13     | Reached skill level 13 in Fighting
 13806 | D:13     | Noticed a vault guard
 13806 | D:13     | Noticed a vault guard
 13806 | D:13     | Noticed a vault guard
 13818 | D:13     | Noticed a vault guard
 13819 | D:13     | Killed a vault guard
 13820 | D:13     | Killed a vault guard
 13824 | D:13     | Killed a vault guard
 13825 | D:13     | Reached XP level 14. HP: 60/112 MP: 0/0
 13883 | D:13     | Found a gate to the Vaults.
 13995 | D:13     | Reached skill level 14 in Fighting
 14066 | D:13     | Noticed Josephine
 14075 | D:13     | Killed Josephine
 14960 | D:14     | Reached skill level 15 in Fighting
 15154 | D:14     | Reached skill level 1 in Shields
 15466 | D:15     | Entered Level 15 of the Dungeon
 15492 | D:15     | Identified the +5 ring mail of Cynicism {rN+ Stlth+}
 15844 | D:15     | Reached XP level 15. HP: 118/121 MP: 0/0
 15844 | D:15     | Learned a level 6 spell: Summon Cactus Giant
 16290 | D:15     | Reached ** piety under Ashenzari
 16436 | D:15     | Noticed a brown very ugly thing
 16440 | D:15     | Killed a brown very ugly thing
 16494 | D:15     | Found a staircase to the Depths.
 17016 | Lair:1   | Entered Level 1 of the Lair of Beasts
 17022 | Lair:1   | Reached skill level 5 in Short Blades
 17121 | Lair:1   | Identified the staff of earth "Talar" {rF+ Will+ Dex+3}
 17141 | Lair:1   | Reached *** piety under Ashenzari
 17156 | Lair:1   | Found a frozen archway.
 17171 | IceCv    | Entered an ice cave
 17211 | IceCv    | Slain by a harpy simulacrum

Illustrated notes

Levels and vault maps discovered:
D:1:      tarquinn_simple_flora_water_e, layout_loops_ring,
          hangedman_decor_lopped
D:2:      layout_rooms, basic_ecumenical_altar, grunt_decor_fettered,
          amethyst_killhole, chequers_decorated_corner, due_unseen_surprise,
          uniq_robin
D:3:      layout_loops_cross, amcnicky_altar_gilded,
          chequers_serial_rivers_micro_b, reono_crystal_passage, roderic_batcave
D:4:      layout_rooms, nicolae_tso_swordbearing_angel, lightli_minifort,
          uniq_blork_the_orc, uniq_eustachio
D:5:      layout_cave_pods, gammafunk_temple_overflow_statue,
          uniq_crazy_yiuf_cottage, uniq_pikel
D:6:      layout_loops_ring, lemuel_mausoleum_altar_kikubaaqudgha,
          temple_fountains
D:7:      layout_loops_ring, ebering_ghost_reflecting_pool
D:8:      layout_rooms, nicolae_overflow_hidden_temple,
          ebering_ghost_funeral_grove
D:9:      layout_basic, nzn_wu_jian_council_hall,
          nicolae_overflow_two_pavilions, minmay_lair_entry_lava,
          serial_park_tiny_pond, hangedman_ranch
D:10:     layout_rooms, solitary_fountain, uniq_psyche
D:11:     layout_basic, serial_shops, nicolae_shop_waterfront
D:12:     layout_rooms, orc_david_3, vehumet_crystals
D:13:     layout_roguey, ximxim_vaults_locker_room, serial_undead,
          serial_undead_d, serial_undead_f, serial_undead_b, serial_undead_d,
          serial_undead_e, serial_undead_a, serial_undead_e, uniq_josephine
D:14:     layout_loops_ring, kennysheep_generic_room_11
D:15:     gammafunk_enter_depths_forms, layout_gridville, serial_bayou_pond_a
Temple:   cyrus_circular_temple
Lair:1:   layout_hall_layers, portal_ice_cave_entry_ice_simulacra
Orc:1:    layout_diamond_mine, serial_shops, shop
Orc:2:    kennysheep_orc_mage_school, layout_diamond_mine, abandoned_shop,
          led_sif_book
IceCv:    ice_cave_small_demon

Skill      XL: |  1  2  3  4  5  6  7  8  9 10 11 12 13 14 15 |
---------------+----------------------------------------------+-----
Spellcasting   | 4 5 6 7 8 9 10 11 12 13 14 | 14.2
Fighting       | 1 4 6 8 10 11 13 15 | 15.2
Armour         | 2 4 |  4.0
Short Blades   | 1 3 4 5 |  5.1
Stealth        | 2 4 |  4.5
Dodging        | 3 5 6 7 |  7.1
Evocations     | 3 |  3.3
Shields        | 2 3 |  3.0

Action                     |  1- 3 |  4- 6 |  7- 9 | 10-12 | 13-15 || total
---------------------------+-------+-------+-------+-------+-------++-------
  Melee: Rapier            |       |       |       |    22 |    25 ||    47
         Punch             |       |       |       |     1 |       ||     1
   Cast: Magic Dart        |    67 |    92 |   161 |   140 |    15 ||   475
         Searing Ray       |     1 |     8 |    12 |    53 |    14 ||    88
         Fulminant Prism   |       |     3 |     7 |    41 |    19 ||    70
         Iskenderun's Myst |       |     2 |    33 |    67 |    25 ||   127
         Mephitic Cloud    |       |       |     2 |    28 |    20 ||    50
         Scorch            |       |       |       |    14 |     4 ||    18
         Summon Lightning  |       |       |       |    25 |    45 ||    70
         Borgnjor's Vile C |       |       |       |       |   172 ||   172
         Summon Cactus Gia |       |       |       |       |     8 ||     8
 Invoke: Curse Item        |       |       |       |     2 |     2 ||     4
    Use: Scroll            |       |       |       |     2 |     2 ||     4
         Potion            |       |       |       |       |     1 ||     1
   Stab: Confused          |       |       |       |     1 |     1 ||     2
 Armour: Robe              |     1 |       |     6 |     9 |       ||    16
         Troll leather arm |       |       |       |    11 |    24 ||    35
  Dodge: Dodged            |     3 |     9 |    30 |    43 |    42 ||   127
  Block: Kite shield       |       |       |       |       |    20 ||    20
         Reflection        |       |       |       |       |     5 ||     5
